 Dungeon Crawl Stone Soup version 0.21-a0-641-geef9d7f (webtiles) character file.

9334 mopl the Basher (level 11, 0/89 HPs)
             Began as a Gnoll Berserker on Dec 30, 2017.
             Was a High Priest of Trog.
             Slain by an unseen horror (6 damage)
             ... on level 10 of the Dungeon.
             The game lasted 00:20:16 (8316 turns).

mopl the Basher (Gnoll Berserker)                   Turns: 8316, Time: 00:20:16

Health: 0/89       AC: 15    Str: 23    XL:     11   Next: 44%
Magic:  20/20      EV: 17    Int:  9    God:    Trog [*****.]
Gold:   672        SH:  0    Dex: 18    Spells: 22/22 levels left

rFire    + . .     SeeInvis .   a - +0 quarterstaff
rCold    . . .     Gourm    .   (shield currently unavailable)
rNeg     . . .     Faith    .   H - +3 ring mail {rF+}
rPois    .         Spirit   .   L - +0 helmet
rElec    .         Reflect  .   G - +0 cloak
rCorr    .         Harm     .   x - +2 pair of gloves
MR       ++...                  (no boots)
Stlth    +++.......             J - amulet of regeneration
HPRegen  1.64/turn              K - +3 ring of strength
MPRegen  0.17/turn              t - ring of flight

@: marked, regenerating
A: distributed training, fangs 1, strong nose
a: Berserk, Trog's Hand, Brothers in Arms, Burn Spellbooks, Renounce Religion,
Evoke Flight


You were on level 10 of the Dungeon.
You worshipped Trog.
Trog was extremely pleased with you.
You were hungry.

You visited 1 branch of the dungeon, and saw 10 of its levels.
You also visited: Sewer.

You collected 672 gold pieces.

Inventory:

Hand Weapons
 a - a +0 quarterstaff (weapon)
 b - a +0 blowgun
 T - a +0 hunting sling
 U - a +2 triple crossbow of freezing
Missiles
 g - 257 stones (quivered)
 l - 92 sling bullets
 o - 87 poisoned needles
 r - 2 needles of confusion
 v - 5 curare-tipped needles
 w - 2 tomahawks of returning
 y - 5 tomahawks
 S - 163 bolts
Armour
 u - a +0 ring mail of cold resistance
 x - a +2 pair of gloves (worn)
 G - a +0 cloak (worn)
 H - a +3 ring mail of fire resistance (worn)
 L - a +0 helmet (worn)
Jewellery
 t - a ring of flight (right hand)
 J - an amulet of regeneration (around neck)
 K - a +3 ring of strength (left hand)
Wands
 s - a wand of paralysis (11)
 B - a wand of scattershot (4)
 V - a wand of digging (15)
 W - a wand of enslavement (6)
 Z - a wand of polymorph (17)
Scrolls
 d - a scroll of enchant weapon {unknown}
 e - 2 scrolls of amnesia {unknown}
 h - a scroll of noise {unknown}
 i - 4 scrolls of remove curse
 j - 5 scrolls of immolation {unknown}
 p - a scroll of enchant armour {unknown}
 q - 6 scrolls of teleportation {unknown}
 E - 3 scrolls of random uselessness {unknown}
 N - 2 scrolls of fear {unknown}
 O - a scroll of acquirement {unknown}
 P - a scroll of blinking {unknown}
 Q - a scroll of vulnerability {unknown}
Potions
 f - 6 potions of flight
 k - 3 potions of berserk rage {!q}
 m - a potion of lignification {unknown}
 n - 5 potions of haste {unknown}
 z - 5 potions of curing
 A - a potion of magic
 C - 2 potions of resistance {unknown}
 D - 3 potions of mutation {!q}
 F - 3 potions of invisibility {unknown}
 I - 4 potions of agility
 M - 3 potions of might
 R - a potion of brilliance {unknown}
 X - 2 potions of cancellation
Comestibles
 c - 19 rations


   Skills:
 + Level 9.1 Fighting
 + Level 6.2 Short Blades
 + Level 6.2 Long Blades
 + Level 6.2 Axes
 + Level 9.1 Maces & Flails
 + Level 6.2 Polearms
 + Level 6.2 Staves
 + Level 6.2 Slings
 + Level 6.2 Bows
 + Level 6.2 Crossbows
 + Level 6.2 Throwing
 + Level 7.8 Armour
 + Level 7.8 Dodging
 + Level 6.2 Stealth
 + Level 6.2 Shields
 + Level 6.2 Unarmed Combat
 + Level 6.2 Spellcasting
 + Level 5.1 Conjurations
 + Level 5.1 Hexes
 + Level 5.1 Charms
 + Level 5.1 Summonings
 + Level 5.1 Necromancy
 + Level 5.1 Translocations
 + Level 5.1 Transmutations
 + Level 5.1 Fire Magic
 + Level 5.1 Ice Magic
 + Level 5.1 Air Magic
 + Level 5.1 Earth Magic
 + Level 5.1 Poison Magic
 + Level 6.8 Invocations
 + Level 6.2 Evocations


You had 22 spell levels left.
You didn't know any spells.

Dungeon Overview and Level Annotations

Branches:
Dungeon (10/15)            Temple (0/1) D:7
   Lair: D:8-11         Orc: D:9-12

Altars:
Dithmenos
Fedhas
Hepliaklqana
Nemelex Xobeh
Okawaru
Sif Muna
Uskayaw
Wu Jian
The Shining One


Innate Abilities, Weirdness & Mutations

Your experience applies equally to all skills.
You have very sharp teeth.
Your uncanny sense of smell can sniff out nearby items.


Message History

You miss something. Something completely misses you. Something hits you.
Something closely misses you. Something completely misses you.
Something hits you but does no damage. x2
Your ring mail prevents you from hitting something.
Something hits you!
* * * LOW HITPOINT WARNING * * *
Something barely misses you.
Something hits you but does no damage. x2
Something hits you!
* * * LOW HITPOINT WARNING * * *
Something hits you but does no damage.
An adder comes into view.
Your skin crawls.
You feel resistant to hostile enchantments.
You are feeling hungry.
Something hits you.
* * * LOW HITPOINT WARNING * * *
Something hits you.
* * * LOW HITPOINT WARNING * * *
Something hits you.
You die...

###.#..###
#.S....#..
#.#....#.#
#.#....#.#
#.#....#.#
#.#....#.#
#.#....#.####
#{#.........#
#@.a..##.#.#######
###..#<..#.......#
#..#.#########.#
#..#.. #.. #..#.##
#.# ####.# #..
....# ### ###.# #
... #


You could see a worker ant and an adder.

Vanquished Creatures
  A two-headed ogre (D:8)
  Pikel (D:6)
  An ugly thing (D:9)
  Joseph (D:8)
  2 trolls (D:9)
  2 hippogriffs
  Prince Ribbit (D:5)
  Sigmund (D:5)
  4 hogs (D:9)
  9 yaks
  A human (D:9)
  A hungry ghost (D:7)
  Duvessa (D:6)
  2 water moccasins
  A black bear (D:8)
  4 sky beasts
  2 slaves (D:6)
  A phantom (D:9)
  3 ogres
  3 ice beasts
  5 centaurs
  2 big kobolds (D:9)
  4 bullfrogs
  Dowan (D:6)
  3 scorpions
  3 killer bees (D:8)
  5 wights (D:6)
  4 howler monkeys
  A crimson imp (D:7)
  A centaur zombie (D:9)
  6 hounds
  2 orc priests (D:9)
  2 bullfrog zombies
  3 jellies
  11 orc wizards
  A bullfrog skeleton (D:9)
  8 worker ants
  2 hound skeletons (D:4)
  3 worker ant zombies
  A howler monkey skeleton (D:5)
  5 gnolls
  9 adders
  A shadow imp (D:8)
  6 oozes
  3 adder skeletons
  6 worms
  A dart slug (D:1)
  7 leopard geckos
  38 orcs
  17 bats
  11 giant cockroaches
  7 goblins
  2 hobgoblins
  11 jackals
  A quokka (D:5)
  2 ball pythons
  5 frilled lizards
  A jackal skeleton (D:4)
  A jackal zombie (D:5)
  27 kobolds
  A quokka zombie (D:8)
  7 rats
279 creatures vanquished.

Vanquished Creatures (others)
  A slave (D:6)
  A howler monkey (D:6)
  An orc wizard (D:6)
  4 toadstools (D:1)
7 creatures vanquished.

Grand Total: 286 creatures vanquished

Notes
Turn   | Place    | Note
-------+----------+-------------------------------------------
     0 | D:1      | mopl the Gnoll Berserker began the quest for the Orb.
     0 | D:1      | Reached XP level 1. HP: 23/23 MP: 1/1
   178 | D:1      | Reached XP level 2. HP: 27/29 MP: 2/2
   397 | D:1      | Reached XP level 3. HP: 35/35 MP: 3/3
   685 | D:2      | Reached ** piety under Trog
   728 | D:2      | Reached skill level 1 in Invocations
   885 | D:2      | Reached skill level 1 in Short Blades
   885 | D:2      | Reached skill level 1 in Long Blades
   885 | D:2      | Reached skill level 1 in Axes
   885 | D:2      | Reached skill level 1 in Polearms
   885 | D:2      | Reached skill level 1 in Staves
   885 | D:2      | Reached skill level 1 in Slings
   885 | D:2      | Reached skill level 1 in Bows
   885 | D:2      | Reached skill level 1 in Crossbows
   885 | D:2      | Reached skill level 1 in Throwing
   885 | D:2      | Reached skill level 1 in Stealth
   885 | D:2      | Reached skill level 1 in Shields
   885 | D:2      | Reached skill level 1 in Unarmed Combat
   885 | D:2      | Reached skill level 1 in Spellcasting
   885 | D:2      | Reached skill level 1 in Evocations
  1109 | D:2      | Reached XP level 4. HP: 41/41 MP: 5/5
  1203 | D:2      | You fall through a shaft for 2 floors!
  1209 | D:3      | Found a blossoming altar of Fedhas.
  1613 | D:3      | Reached skill level 1 in Conjurations
  1613 | D:3      | Reached skill level 1 in Hexes
  1613 | D:3      | Reached skill level 1 in Charms
  1613 | D:3      | Reached skill level 1 in Summonings
  1613 | D:3      | Reached skill level 1 in Necromancy
  1613 | D:3      | Reached skill level 1 in Translocations
  1613 | D:3      | Reached skill level 1 in Transmutations
  1613 | D:3      | Reached skill level 1 in Fire Magic
  1613 | D:3      | Reached skill level 1 in Ice Magic
  1613 | D:3      | Reached skill level 1 in Air Magic
  1613 | D:3      | Reached skill level 1 in Earth Magic
  1613 | D:3      | Reached skill level 1 in Poison Magic
  1855 | D:4      | Reached XP level 5. HP: 38/47 MP: 5/7
  2253 | D:4      | Reached *** piety under Trog
  2259 | D:4      | Reached XP level 6. HP: 52/53 MP: 8/8
  2277 | D:4      | Reached skill level 2 in Invocations
  2414 | D:4      | Reached skill level 2 in Short Blades
  2414 | D:4      | Reached skill level 2 in Long Blades
  2414 | D:4      | Reached skill level 2 in Axes
  2414 | D:4      | Reached skill level 2 in Polearms
  2414 | D:4      | Reached skill level 2 in Staves
  2414 | D:4      | Reached skill level 2 in Slings
  2414 | D:4      | Reached skill level 2 in Bows
  2414 | D:4      | Reached skill level 2 in Crossbows
  2414 | D:4      | Reached skill level 2 in Throwing
  2414 | D:4      | Reached skill level 5 in Armour
  2414 | D:4      | Reached skill level 5 in Dodging
  2414 | D:4      | Reached skill level 2 in Stealth
  2414 | D:4      | Reached skill level 2 in Shields
  2414 | D:4      | Reached skill level 2 in Unarmed Combat
  2414 | D:4      | Reached skill level 2 in Spellcasting
  2414 | D:4      | Reached skill level 2 in Evocations
  3077 | D:5      | Entered Level 5 of the Dungeon
  3077 | D:5      | Noticed a yak
  3077 | D:5      | Noticed a yak
  3077 | D:5      | Noticed a yak
  3082 | D:4      | Killed a yak
  3082 | D:4      | Reached skill level 7 in Fighting
  3082 | D:4      | Reached skill level 7 in Maces & Flails
  3082 | D:4      | Reached XP level 7. HP: 60/60 MP: 10/10
  3134 | D:5      | Reached skill level 2 in Conjurations
  3134 | D:5      | Reached skill level 2 in Hexes
  3134 | D:5      | Reached skill level 2 in Charms
  3134 | D:5      | Reached skill level 2 in Summonings
  3134 | D:5      | Reached skill level 2 in Necromancy
  3134 | D:5      | Reached skill level 2 in Translocations
  3134 | D:5      | Reached skill level 2 in Transmutations
  3134 | D:5      | Reached skill level 2 in Fire Magic
  3134 | D:5      | Reached skill level 2 in Ice Magic
  3134 | D:5      | Reached skill level 2 in Air Magic
  3134 | D:5      | Reached skill level 2 in Earth Magic
  3134 | D:5      | Reached skill level 2 in Poison Magic
  3178 | D:5      | Noticed Sigmund
  3250 | D:5      | Reached skill level 3 in Invocations
  3312 | D:5      | Killed a yak
  3312 | D:5      | Reached XP level 8. HP: 36/67 MP: 12/12
  3321 | D:5      | Killed a yak
  3321 | D:5      | Reached skill level 3 in Short Blades
  3321 | D:5      | Reached skill level 3 in Long Blades
  3321 | D:5      | Reached skill level 3 in Axes
  3321 | D:5      | Reached skill level 3 in Polearms
  3321 | D:5      | Reached skill level 3 in Staves
  3321 | D:5      | Reached skill level 3 in Slings
  3321 | D:5      | Reached skill level 3 in Bows
  3321 | D:5      | Reached skill level 3 in Crossbows
  3321 | D:5      | Reached skill level 3 in Throwing
  3321 | D:5      | Reached skill level 3 in Stealth
  3321 | D:5      | Reached skill level 3 in Shields
  3321 | D:5      | Reached skill level 3 in Unarmed Combat
  3321 | D:5      | Reached skill level 3 in Spellcasting
  3321 | D:5      | Reached skill level 3 in Evocations
  3356 | D:5      | Noticed Prince Ribbit
  3382 | D:5      | Killed Sigmund
  3459 | D:5      | Found a glowing drain.
  3501 | Sewer    | Entered a sewer
  3618 | Sewer    | Reached **** piety under Trog
  4322 | D:5      | Killed Prince Ribbit
  4322 | D:5      | Reached skill level 4 in Invocations
  4400 | D:5      | Found a shadowy altar of Dithmenos.
  4402 | D:5      | Found an ornate altar of the Wu Jian Council.
  4436 | D:6      | Reached skill level 3 in Conjurations
  4436 | D:6      | Reached skill level 3 in Hexes
  4436 | D:6      | Reached skill level 3 in Charms
  4436 | D:6      | Reached skill level 3 in Summonings
  4436 | D:6      | Reached skill level 3 in Necromancy
  4436 | D:6      | Reached skill level 3 in Translocations
  4436 | D:6      | Reached skill level 3 in Transmutations
  4436 | D:6      | Reached skill level 3 in Fire Magic
  4436 | D:6      | Reached skill level 3 in Ice Magic
  4436 | D:6      | Reached skill level 3 in Air Magic
  4436 | D:6      | Reached skill level 3 in Earth Magic
  4436 | D:6      | Reached skill level 3 in Poison Magic
  4488 | D:6      | Reached XP level 9. HP: 67/72 MP: 14/14
  4571 | D:6      | Noticed Pikel
  4633 | D:6      | Killed Pikel
  4633 | D:6      | Reached skill level 4 in Short Blades
  4633 | D:6      | Reached skill level 4 in Long Blades
  4633 | D:6      | Reached skill level 4 in Axes
  4633 | D:6      | Reached skill level 4 in Polearms
  4633 | D:6      | Reached skill level 4 in Staves
  4633 | D:6      | Reached skill level 4 in Slings
  4633 | D:6      | Reached skill level 4 in Bows
  4633 | D:6      | Reached skill level 4 in Crossbows
  4633 | D:6      | Reached skill level 4 in Throwing
  4633 | D:6      | Reached skill level 6 in Armour
  4633 | D:6      | Reached skill level 6 in Dodging
  4633 | D:6      | Reached skill level 4 in Stealth
  4633 | D:6      | Reached skill level 4 in Shields
  4633 | D:6      | Reached skill level 4 in Unarmed Combat
  4633 | D:6      | Reached skill level 4 in Spellcasting
  4633 | D:6      | Reached skill level 4 in Evocations
  4681 | D:6      | Found a hazy altar of Hepliaklqana.
  4841 | D:6      | Noticed Duvessa
  4844 | D:6      | Noticed Dowan
  4857 | D:6      | Killed Duvessa
  4877 | D:6      | Reached ***** piety under Trog
  4893 | D:6      | Killed Dowan
  4932 | D:6      | Received a gift from Trog
  4972 | D:6      | Reached skill level 8 in Fighting
  4972 | D:6      | Reached skill level 8 in Maces & Flails
  5263 | D:6      | Reached skill level 5 in Invocations
  5373 | D:6      | Found a deep blue altar of Sif Muna.
  5499 | D:7      | Found a staircase to the Ecumenical Temple.
  5669 | D:7      | Paralysed by fainting for 9 turns
  5728 | D:7      | Reached XP level 10. HP: 80/80 MP: 17/17
  5797 | D:7      | Found a glowing golden altar of the Shining One.
  5899 | D:7      | Found an iron altar of Okawaru.
  5937 | D:7      | Found a hide-covered altar of Uskayaw.
  6063 | D:7      | Found a blossoming altar of Fedhas.
  6069 | D:7      | Reached skill level 4 in Conjurations
  6069 | D:7      | Reached skill level 4 in Hexes
  6069 | D:7      | Reached skill level 4 in Charms
  6069 | D:7      | Reached skill level 4 in Summonings
  6069 | D:7      | Reached skill level 4 in Necromancy
  6069 | D:7      | Reached skill level 4 in Translocations
  6069 | D:7      | Reached skill level 4 in Transmutations
  6069 | D:7      | Reached skill level 4 in Fire Magic
  6069 | D:7      | Reached skill level 4 in Ice Magic
  6069 | D:7      | Reached skill level 4 in Air Magic
  6069 | D:7      | Reached skill level 4 in Earth Magic
  6069 | D:7      | Reached skill level 4 in Poison Magic
  6132 | D:8      | Found a sparkling altar of Nemelex Xobeh.
  6150 | D:8      | Noticed Joseph
  6162 | D:8      | Killed Joseph
  6251 | D:8      | Noticed a two-headed ogre
  6251 | D:8      | Reached skill level 5 in Short Blades
  6251 | D:8      | Reached skill level 5 in Long Blades
  6251 | D:8      | Reached skill level 5 in Axes
  6251 | D:8      | Reached skill level 5 in Polearms
  6251 | D:8      | Reached skill level 5 in Staves
  6251 | D:8      | Reached skill level 5 in Slings
  6251 | D:8      | Reached skill level 5 in Bows
  6251 | D:8      | Reached skill level 5 in Crossbows
  6251 | D:8      | Reached skill level 5 in Throwing
  6251 | D:8      | Reached skill level 5 in Stealth
  6251 | D:8      | Reached skill level 5 in Shields
  6251 | D:8      | Reached skill level 5 in Unarmed Combat
  6251 | D:8      | Reached skill level 5 in Spellcasting
  6251 | D:8      | Reached skill level 5 in Evocations
  6264 | D:8      | Killed a two-headed ogre
  6264 | D:8      | Reached skill level 7 in Armour
  6264 | D:8      | Reached skill level 7 in Dodging
  6269 | D:8      | Received a gift from Trog
  6954 | D:9      | Reached skill level 6 in Invocations
  7004 | D:9      | Noticed a cyan ugly thing
  7013 | D:9      | Killed a cyan ugly thing
  7229 | D:9      | Reached XP level 11. HP: 77/87 MP: 19/19
  7837 | D:9      | Reached skill level 9 in Fighting
  7837 | D:9      | Reached skill level 9 in Maces & Flails
  7839 | D:9      | Reached skill level 6 in Short Blades
  7839 | D:9      | Reached skill level 6 in Long Blades
  7839 | D:9      | Reached skill level 6 in Axes
  7839 | D:9      | Reached skill level 6 in Polearms
  7839 | D:9      | Reached skill level 6 in Staves
  7839 | D:9      | Reached skill level 6 in Slings
  7839 | D:9      | Reached skill level 6 in Bows
  7839 | D:9      | Reached skill level 6 in Crossbows
  7839 | D:9      | Reached skill level 6 in Throwing
  7839 | D:9      | Reached skill level 6 in Stealth
  7839 | D:9      | Reached skill level 6 in Shields
  7839 | D:9      | Reached skill level 6 in Unarmed Combat
  7839 | D:9      | Reached skill level 6 in Spellcasting
  7839 | D:9      | Reached skill level 6 in Evocations
  7848 | D:9      | Reached skill level 5 in Conjurations
  7848 | D:9      | Reached skill level 5 in Hexes
  7848 | D:9      | Reached skill level 5 in Charms
  7848 | D:9      | Reached skill level 5 in Summonings
  7848 | D:9      | Reached skill level 5 in Necromancy
  7848 | D:9      | Reached skill level 5 in Translocations
  7848 | D:9      | Reached skill level 5 in Transmutations
  7848 | D:9      | Reached skill level 5 in Fire Magic
  7848 | D:9      | Reached skill level 5 in Ice Magic
  7848 | D:9      | Reached skill level 5 in Air Magic
  7848 | D:9      | Reached skill level 5 in Earth Magic
  7848 | D:9      | Reached skill level 5 in Poison Magic
  8036 | D:10     | Entered Level 10 of the Dungeon
  8316 | D:10     | Slain by an unseen horror

Vault maps used:
D:1:      ldierk_walled_garden_2
D:3:      fedhas_altar_3
D:4:      minmay_wonky_spiral, serial_bayou_pond_c
D:5:      minitemple, gup_sewer_entry_glass, first_ration,
          minmay_large_rounded_square, uniq_sigmund, uniq_prince_ribbit1
D:6:      lemuel_blue_sif_altar, basic_altar, uniq_duvessa, uniq_pikel
D:7:      nicolae_overflow_quartered_altars, minmay_temple_entry_poolview
D:8:      nemelex_xobeh_ov_fountains_minmay, uniq_joseph
D:9:      grunt_livestock, kennysheep_generic_room_8
D:10:     erik_orc_2, hangedman_decor_clover_reticule
Sewer:    sewer_fruit_machine

Skill      XL: |  1  2  3  4  5  6  7  8  9 10 11 |
---------------+----------------------------------+-----
Invocations    | 1 2 3 4 5 6 |  6.8
Short Blades   | 1 2 3 4 5 6 |  6.2
Long Blades    | 1 2 3 4 5 6 |  6.2
Axes           | 1 2 3 4 5 6 |  6.2
Polearms       | 1 2 3 4 5 6 |  6.2
Staves         | 1 2 3 4 5 6 |  6.2
Slings         | 1 2 3 4 5 6 |  6.2
Bows           | 1 2 3 4 5 6 |  6.2
Crossbows      | 1 2 3 4 5 6 |  6.2
Throwing       | 1 2 3 4 5 6 |  6.2
Stealth        | 1 2 3 4 5 6 |  6.2
Shields        | 1 2 3 4 5 6 |  6.2
Unarmed Combat | 1 2 3 4 5 6 |  6.2
Spellcasting   | 1 2 3 4 5 6 |  6.2
Evocations     | 1 2 3 4 5 6 |  6.2
Conjurations   | 1 2 3 4 5 |  5.1
Hexes          | 1 2 3 4 5 |  5.1
Charms         | 1 2 3 4 5 |  5.1
Summonings     | 1 2 3 4 5 |  5.1
Necromancy     | 1 2 3 4 5 |  5.1
Translocations | 1 2 3 4 5 |  5.1
Transmutations | 1 2 3 4 5 |  5.1
Fire Magic     | 1 2 3 4 5 |  5.1
Ice Magic      | 1 2 3 4 5 |  5.1
Air Magic      | 1 2 3 4 5 |  5.1
Earth Magic    | 1 2 3 4 5 |  5.1
Poison Magic   | 1 2 3 4 5 |  5.1
Armour         | 5 6 7 |  7.8
Dodging        | 5 6 7 |  7.8
Fighting       | 7 8 9 |  9.1
Maces & Flails | 7 8 9 |  9.1

Action                   |  1- 3 |  4- 6 |  7- 9 | 10-12 || total
-------------------------+-------+-------+-------+-------++-------
Melee: Mace              |    99 |   141 |       |       ||   240
       Bite              |     9 |    23 |    57 |    75 ||   164
       Punch             |       |     2 |       |       ||     2
       Quarterstaff      |       |    24 |   432 |   431 ||   887
       Dagger            |       |       |     2 |       ||     2
 Fire: Blowgun           |       |       |    11 |     2 ||    13
Throw: Stone             |       |       |     2 |     1 ||     3
Invok: Berserk           |       |     2 |     5 |     7 ||    14
       Trog's Hand       |       |       |     3 |     2 ||     5
       Burn Spellbooks   |       |       |       |     2 ||     2
 Abil: Evoke Flight      |       |       |     2 |       ||     2
  Use: Scroll            |       |       |     9 |     2 ||    11
 Stab: Sleeping          |     1 |     2 |     3 |     6 ||    12
       Distracted        |       |       |       |     2 ||     2
  Eat: Chunk             |       |     8 |    17 |    12 ||    37
       Ration            |       |       |     1 |     1 ||     2
Armor: Animal skin       |     9 |       |       |       ||     9
       Ring mail         |    20 |     8 |   169 |   157 ||   354
       Chain mail        |     3 |    70 |       |       ||    73
Dodge: Dodged            |    77 |    96 |   368 |   340 ||   881

Table legend:
 A = Spawn XP
 B = Non-spawn XP
 C = Spawn XP percentage of total XP
 D = Spawn monster count
 E = Non-spawn monster count
 F = Spawn count percentage of total count
 G = Total turns spent on level
                    A         B        C        D         E        F      G
               +---------+---------+-------+---------+---------+-------+---------
         Total |       0 |   13335 |   0.0 |       0 |     277 |   0.0 |  8316
               +---------+---------+-------+---------+---------+-------+---------
           D:1 |       0 |      37 |   0.0 |       0 |      20 |   0.0 |   607
           D:2 |       0 |      50 |   0.0 |       0 |      25 |   0.0 |   677
           D:3 |       0 |      68 |   0.0 |       0 |      17 |   0.0 |   767
           D:4 |       0 |     633 |   0.0 |       0 |      23 |   0.0 |  1059
           D:5 |       0 |    1359 |   0.0 |       0 |      25 |   0.0 |   738
           D:6 |       0 |    2068 |   0.0 |       0 |      43 |   0.0 |  1088
           D:7 |       0 |     631 |   0.0 |       0 |      13 |   0.0 |   792
           D:8 |       0 |    2590 |   0.0 |       0 |      19 |   0.0 |   579
           D:9 |       0 |    4355 |   0.0 |       0 |      58 |   0.0 |  1150
          D:10 |       0 |    1460 |   0.0 |       0 |       9 |   0.0 |   280
         Sewer |       0 |      84 |   0.0 |       0 |      25 |   0.0 |   579
               +---------+---------+-------+---------+---------+-------+---------
